 Dungeon Crawl Stone Soup version 0.20.1-1-g8b1a95d (webtiles) character file.

357 robertstho the Magician (level 6, -2/29 HPs)
             Began as a Spriggan Conjurer on Nov 29, 2017.
             Killed by nerve-wracking pain
             ... invoked by an orc priest
              (12 damage)
             ... on level 4 of the Dungeon.
             The game lasted 00:13:55 (4087 turns).

robertstho the Magician (Spriggan Conjurer)         Turns: 4087, Time: 00:13:55

Health: -2/29      AC:  3    Str:  4    XL:     6   Next: 36%
Magic:  10/15      EV: 18    Int: 18    God:
Gold:   85         SH:  0    Dex: 17    Spells: 2/16 levels left

rFire    . . .     SeeInvis +   m - +0 blowgun
rCold    . . .     Gourm    .   (shield restricted)
rNeg     . . .     Faith    .   a - +0 robe
rPois    +         Spirit   .   (helmet restricted)
rElec    .         Reflect  .   (no cloak)
rCorr    .         Harm     .   (gloves unavailable)
MR       +....                  (boots unavailable)
Stlth    +++.......             (no amulet)
Regen    0.1/turn               f - ring of poison resistance
MPRegen  0.2/turn               i - +1 ring of protection

@: lethally poisoned (-2 -> -17), very quick
A: unfitting armour, see invisible, herbivore 3, speed 3, slow metabolism 2
a: no special abilities


You were on level 4 of the Dungeon.
You were hungry.

You visited 1 branch of the dungeon, and saw 4 of its levels.

You collected 85 gold pieces.

Inventory:

Hand Weapons
 g - a +1 short sword
 m - a +0 blowgun (weapon)
Missiles
 j - 161 stones
 n - 25 sling bullets
 o - 18 poisoned needles (quivered)
 u - 12 arrows
 v - 5 tomahawks
Armour
 a - a +0 robe (worn)
Jewellery
 f - a ring of poison resistance (left hand)
 i - a +1 ring of protection (right hand)
Scrolls
 d - 2 scrolls of immolation
 k - a scroll of identify
 l - 2 scrolls of enchant armour
 p - a scroll of amnesia
 w - a scroll of magic mapping
Potions
 e - a potion of mutation {unknown}
 q - a potion of agility
 r - a potion of heal wounds {unknown}
 s - a potion of might {unknown}
 t - a potion of brilliance {unknown}
 x - a potion of curing {unknown}
Books
 b - a book of Conjurations

   Spells                             Type                      Level
   a - Magic Dart                     Conjuration                  1
   b - Searing Ray                    Conjuration                  2
   c - Dazzling Spray                 Conjuration/Hexes            3
   d - Fulminant Prism                Conjuration/Hexes            4
   e - Force Lance                    Conjuration/Translocation    4
   f - Iskenderun's Mystic Blast      Conjuration                  4
Comestibles
 c - 2 bread rations
 h - 3 fruits


   Skills:
 + Level 0.5 Fighting
 + Level 0.4 Short Blades
 + Level 2.4 Throwing
 + Level 3.3 Dodging
 + Level 3.3 Stealth
 * Level 5.9 Spellcasting
 + Level 3.9 Conjurations


You had 2 spell levels left.
You knew the following spells:

 Your Spells              Type           Power        Failure   Level  Hunger
a - Magic Dart            Conj           ###.         2%          1    None
b - Searing Ray           Conj           ###...       3%          2    None
c - Dazzling Spray        Conj/Hex       ##....       16%         3    ##.....
d - Iskenderun's Mystic   Conj           ###.....     24%         4    ####...
e - Fulminant Prism       Conj/Hex       ##........   47%         4    ####...


Dungeon Overview and Level Annotations

Branches:
Dungeon (4/15)
 Temple: D:4-7

Altars:
Kikubaaqudgha
Yredelemnul

Annotations:
D:4 2 transporters, Duvessa, Menkaure


Innate Abilities, Weirdness & Mutations

You are very small and have problems with some larger weapons.
You are too small for most types of armour.
You have supernaturally acute eyesight. (SInv)
You are a herbivore.
You cover ground extremely quickly.
You need consume almost no food.


Message History

(Press . to maintain the ray.)
The searing ray hits Dowan.
Dowan is lightly wounded.
Duvessa closely misses you. Dowan misses you.
The searing ray hits Dowan.
Dowan is heavily wounded.
Duvessa hits you with a short sword of venom.
You are poisoned.
Dowan gestures at Duvessa while chanting.
Duvessa seems to speed up.
The searing ray hits Dowan.
You kill Dowan!
Duvessa screams in rage.
Duvessa goes berserk!
You finish channeling your searing ray.
You feel sick.
Duvessa hits you with a short sword of venom!
Duvessa hits you with a short sword of venom.
You are lethally poisoned!
The orc priest invokes the aid of Beogh against you.
Pain shoots through your body!
You die...

.##....##.....
.##.##........
.##.......##.##
.......#### ..#
.#.....# .#.
......## #.#
..)...# #.#
......#
####.####
......#
#.....e@#
......#
#.##.##)#
......#
#....##o#
......#
#.#####..(e..o.
#######
#.#####.##....≈
#.....<(# ..≈≈
##### #.#######
≈§≈ ....# #.#
#≈ ###.######.#


You could see Duvessa (berserk) and an orc priest.

Vanquished Creatures
  A centaur (D:4)
  Dowan (D:4)
  A centaur skeleton (D:4)
  A hound skeleton (D:4)
  7 adders
  An ooze (D:4)
  An adder skeleton (D:4)
  2 dart slugs
  2 worms (D:3)
  5 leopard geckos
  9 orcs
  3 giant cockroaches
  12 goblins
  10 hobgoblins
  9 jackals
  3 quokkas
  6 bats
  3 frilled lizards
  A jackal skeleton (D:3)
  10 kobolds
  A leopard gecko skeleton (D:1)
  6 rats
95 creatures vanquished.

Notes
Turn   | Place    | Note
-------+----------+-------------------------------------------
     0 | D:1      | robertstho the Spriggan Conjurer began the quest for the Orb.
     0 | D:1      | Reached XP level 1. HP: 9/9 MP: 5/5
   158 | D:1      | Reached XP level 2. HP: 4/13 MP: 3/6
   162 | D:1      | Learned a level 2 spell: Searing Ray
   700 | D:1      | Reached skill level 3 in Spellcasting
  1217 | D:1      | Reached XP level 3. HP: 16/16 MP: 4/8
  2135 | D:2      | Reached XP level 4. HP: 21/21 MP: 5/10
  2274 | D:2      | Reached skill level 4 in Spellcasting
  2544 | D:2      | You fall through a shaft!
  2566 | D:3      | Learned a level 3 spell: Dazzling Spray
  2574 | D:3      | Learned a level 4 spell: Iskenderun's Mystic Blast
  3179 | D:3      | Reached XP level 5. HP: 24/24 MP: 11/13
  3353 | D:3      | Reached skill level 1 in Throwing
  3584 | D:4      | Noticed a centaur
  3609 | D:4      | Killed a centaur
  3609 | D:4      | Reached skill level 5 in Spellcasting
  3635 | D:4      | Reached XP level 6. HP: 29/29 MP: 4/15
  3641 | D:4      | Learned a level 4 spell: Fulminant Prism
  3730 | D:4      | Found a basalt altar of Yredelemnul.
  3730 | D:4      | Found an ancient bone altar of Kikubaaqudgha.
  3731 | D:4      | Noticed Menkaure
  3733 | D:4      | Found a transporter.
  3757 | D:4      | Found a transporter.
  4076 | D:4      | Noticed Duvessa
  4076 | D:4      | Noticed Dowan
  4087 | D:4      | Killed Dowan
  4087 | D:4      | Killed from afar by an orc priest

Skill      XL: |  1  2  3  4  5 |
---------------+----------------+-----
Conjurations   | 3 |  3.9
Spellcasting   | 3 4 5 |  5.9
Throwing       | 2 |  2.4
Fighting       | |  0.5
Short Blades   | |  0.4
Dodging        | |  3.3
Stealth        | |  3.3

Action                   |  1- 3 |  4- 6 || total
-------------------------+-------+-------++-------
Melee: Short sword       |    14 |    19 ||    33
 Fire: Blowgun           |       |    23 ||    23
Throw: Stone             |     7 |       ||     7
 Cast: Magic Dart        |    89 |   137 ||   226
       Searing Ray       |       |     3 ||     3
  Use: Potion            |     1 |       ||     1
       Scroll            |       |     8 ||     8
Armor: Robe              |     6 |     6 ||    12
Dodge: Dodged            |    32 |    59 ||    91
